 Dungeon Crawl Stone Soup version 0.30.0-5-g1a98f26d00 (webtiles) character file.

Game seed: 7494577168139000376

14520 Dadi the Arsonist (level 11, -1/64 HPs)
             Began as a Deep Elf Conjurer on May 8, 2023.
             Was a Priest of Sif Muna.
             Slain by a five-headed hydra (13 damage)
             ... on level 2 of the Lair of Beasts.
             The game lasted 00:44:24 (16436 turns).

Dadi the Arsonist (Deep Elf Conjurer)              Turns: 16436, Time: 00:44:25

Health: -1/64      AC: 13    Str:  4    XL:     11   Next: 89%
Magic:  6/26       EV: 15    Int: 28    God:    Sif Muna [***...]
Gold:   763        SH: 10    Dex: 15    Spells: 13/28 levels left

rFire   . . .        H - +0 hand axe of the Median {protect, rC+}
rCold   + . .        C - +0 buckler
rNeg    . . .        L - +0 steam dragon scales
rPois   .            h - +0 helmet
rElec   .            J - +0 cloak
rCorr   .            s - +0 pair of gloves
SInv    .            j - +0 pair of boots
Will    ++...        R - amulet "Yhaschy" {Reflect Will+ Dex+2 SH+5 Stlth+}
Stlth   +++          K - ring of flight
HPRegen 0.30/turn    F - +4 ring of protection
MPRegen 0.20/turn

%: reflection
@: flying
A: no striking features
a: Renounce Religion, Channel Magic, Forget Spell


You were on level 2 of the Lair of Beasts.
You worshipped Sif Muna.
Sif Muna was most pleased with you.
You visited 4 branches of the dungeon, and saw 14 of its levels.
You also visited: Sewer.

You collected 763 gold pieces.

Inventory:

Hand Weapons
 e - a +0 vampiric dagger
 i - a +1 short sword of speed
 H - the +0 hand axe of the Median (weapon) {protect, rC+}
   (You found it on level 2 of the Dungeon)

   rC:        It protects you from cold.
Missiles
 l - 4 throwing nets
Armour
 a - a +0 robe
 h - a +0 helmet (worn)
 j - a +0 pair of boots (worn)
 s - a +0 pair of gloves (worn)
 C - a +0 buckler (worn)
 J - a +0 cloak (worn)
 L - +0 steam dragon scales (worn)
Jewellery
 g - an amulet of the acrobat
 m - a +6 ring of strength
 F - a +4 ring of protection (right hand)
 I - an amulet of reflection
 K - a ring of flight (left hand)
 Q - a +6 ring of strength
 R - the amulet "Yhaschy" (around neck) {Reflect Will+ Dex+2 SH+5 Stlth+}
   (You found it on level 1 of the Lair of Beasts)

   [amulet of reflection]

   It reflects blocked missile attacks.
   Dex:       It affects your dexterity (+2).
   SH:        It affects your SH (+5).
   Will:      It increases your willpower.
   Stlth:     It makes you more stealthy.
 S - a +6 ring of dexterity
Wands
 n - a wand of roots (19)
 w - a wand of polymorph (6)
 A - a wand of charming (19)
 T - a wand of flame (5)
Scrolls
 f - a scroll of amnesia {unknown}
 k - a scroll of noise {unknown}
 q - 5 scrolls of teleportation
 t - 2 scrolls of vulnerability {unknown}
 u - 4 scrolls of immolation {unknown}
 v - 8 scrolls of identify {unknown}
 y - 4 scrolls of enchant weapon
 B - 2 scrolls of fog
 E - a scroll of acquirement {unknown}
 M - 2 scrolls of poison {unknown}
 N - 2 scrolls of magic mapping
 P - a scroll of fear {unknown}
Potions
 b - 3 potions of resistance {unknown}
 c - 2 potions of cancellation {unknown}
 d - 3 potions of mutation {unknown}
 o - 4 potions of might {unknown}
 p - 2 potions of invisibility {unknown}
 r - 4 potions of haste {unknown}
 x - 2 potions of flight {unknown}
 z - 7 potions of curing {unknown}
 D - 2 potions of magic
 G - 2 potions of heal wounds {unknown}
 O - a potion of lignification {unknown}


   Skills:
 - Level 6.0 Fighting
 - Level 9.0 Dodging
 - Level 2.4 Stealth
 - Level 5.0 Shields
 - Level 9.0 Spellcasting
 - Level 9.0 Conjurations
 - Level 10.0 Hexes
 + Level 10.3 Fire Magic


You had 13 spell levels left.
You knew the following spells:

 Your Spells              Type           Power      Damage    Failure   Level
a - Magic Dart            Conj           100%       1d8       1%          1
b - Searing Ray           Conj           100%       2d8       1%          2
c - Dazzling Flash        Conj/Hex       100%       N/A       1%          3
d - Ensorcelled Hibernat  Hex/Ice        80%        N/A       1%          2
e - Mephitic Cloud        Conj/Pois/Air  29%        N/A       7%          3
f - Fulminant Prism       Conj/Hex       30%        3d15      1%          4

Your spell library contained the following spells:

 Spells                   Type           Power      Damage    Failure   Level
 Momentum Strike          Conj/Tloc      74%        3d10      1%          2
 Sting                    Tmut/Pois      48%        1d5       8%          1
 Anguish                  Hex/Necr       20%        N/A       10%         4
 Blink                    Tloc           24%        N/A       12%         2
 Lesser Beckoning         Tloc           24%        N/A       12%         2
 Poisonous Vapours        Pois/Air       24%        N/A       12%         2
 Iskenderun's Mystic Bla  Conj/Tloc      37%        2d9       12%         4
 Gell's Gravitas          Tloc           12%        N/A       24%         3
 Spider Form              Tmut/Pois      12%        N/A       24%         3
 Teleport Other           Tloc           12%        N/A       24%         3
 Freezing Cloud           Conj/Ice/Air   14%        6-21      54%         5
 Olgreb's Toxic Radiance  Pois           12%        N/A       61%         4
 Summon Forest            Summ/Tloc      6%         N/A       91%         5
 Dispersal                Tloc           6%         N/A       100%        6
 Eringya's Noxious Bog    Tmut/Pois      6%         N/A       100%        6
 Malign Gateway           Summ/Tloc      6%         N/A       100%        7
 Summon Hydra             Summ           6%         N/A       100%        7
 Summon Horrible Things   Summ           6%         N/A       100%        8


Dungeon Overview and Level Annotations

Branches:
Dungeon (9/15)             Temple (1/1) D:7            Lair (3/5) D:8
  Swamp (0/4) Lair:2        Snake (0/4) Lair:2          Orc (1/2) D:9
  Sewer (visited)

Altars:
Ashenzari
Cheibriados
Dithmenos
Fedhas
Gozag
Hepliaklqana
Kikubaaqudgha
Makhleb
Nemelex Xobeh
Okawaru
Qazlal
Ru
Sif Muna
Trog
Uskayaw
Vehumet
Wu Jian
Xom
Yredelemnul
Zin
The Shining One

Annotations:
D:4 1 runed translucent door
D:7 Maggie
Orc:1 Harold


Message History

You kill the yak!
Sif Muna accepts your kill.
The blast of energy engulfs the five-headed hydra!
The five-headed hydra is severely wounded.
The blast of energy engulfs the bullfrog!
You kill the bullfrog!
Sif Muna accepts your kill.
Casting: Fulminant Prism (dangerous; 1% risk of failure)
Confirm with . or Enter, or press ? or * to list all spells.
You don't have enough magic to cast this spell.
Okay, then.
The five-headed hydra barely misses you.
You block the five-headed hydra's attack.
The five-headed hydra bites you. x2
You block the five-headed hydra's attack.
You fly upwards.
There is a stone staircase leading down here.
Okay, then.
The five-headed hydra attacks as you move away!
The five-headed hydra bites you. The five-headed hydra misses you.
The five-headed hydra barely misses you.
You block the five-headed hydra's attack.
The five-headed hydra bites you.
The five-headed hydra closely misses you.
You block the five-headed hydra's attack.
The five-headed hydra closely misses you.
The five-headed hydra bites you.
The five-headed hydra bites you but does no damage.
The five-headed hydra attacks as you move away!
The five-headed hydra closely misses you.
The five-headed hydra completely misses you.
The five-headed hydra bites you!
* * * LOW HITPOINT WARNING * * *
The five-headed hydra misses you.
The five-headed hydra bites you but does no damage.
The five-headed hydra attacks as you move away!
The five-headed hydra bites you but does no damage.
You block the five-headed hydra's attack.
The five-headed hydra bites you!
You die...

#P## ### ##### ###. #..#
#.###...#########... #..##
##..........#.##....
##..####...........##...##
##....##...........#..###
###....#.............##.
####...............P##.
##.##.P.D##.............
#...#P.@...#.#.....P....
#......###...##...#.....
#........##.......#.....
##......)#P..>....#.....
#............##........
##..........####.......
##.....P...####.......
##.###...##..........
#.#.#...............


You could see a five-headed hydra.

Vanquished Creatures
  A ghost crab (Lair:2)
  A catoblepas (Lair:1)
  8 cane toads
  2 komodo dragons
  A polar bear (Lair:1)
  A troll (D:8)
  A hornet (D:8)
  Sigmund (D:2)
  6 yaks
  A wyvern (D:7)
  A basilisk (Lair:1)
  2 steam dragons
  5 vampire mosquitoes
  3 nagas (Lair:2)
  Edmund (D:5)
  Duvessa (D:7)
  A spectral polar bear (Lair:2)
  10 water moccasins
  A spectral yak (Lair:2)
  An orc warrior (D:9)
  2 black bears
  2 ogres
  2 sky beasts
  A centaur (D:7)
  23 wolves
  2 phantoms (D:5)
  A kobold brigand (D:8)
  A gnoll sergeant (D:3)
  8 bullfrogs
  2 scorpions (D:5)
  6 wights
  Dowan (D:7)
  6 killer bees
  4 howler monkeys
  9 electric eels
  10 hounds
  3 jellies
  An orc priest (D:3)
  3 iron imps (D:3)
  2 iguanas
  Ijyb (D:5)
  Natasha (thrice) (D:1)
  7 orc wizards
  12 adders
  23 gnolls
  9 river rats
  2 shadow imps
  An ufetubus (D:7)
  5 worms
  2 dart slugs
  42 orcs
  4 bats
  7 endoplasms
  2 giant cockroaches
  5 goblins
  3 hobgoblins
  12 jackals (D:3)
  2 quokkas (D:1)
  11 ball pythons
  2 frilled lizards
  2 goblin skeletons (D:4)
  A jackal zombie (D:4)
  26 kobolds
  23 rats
  4 fulminant prisms
349 creatures vanquished.

Vanquished Creatures (others)
  52 fulminant prisms
52 creatures vanquished.

Grand Total: 401 creatures vanquished

Notes
Turn   | Place    | Note
-------+----------+-------------------------------------------
     0 | D:1      | Dadi the Deep Elf Conjurer began the quest for the Orb.
     0 | D:1      | Reached XP level 1. HP: 10/10 MP: 6/6
   249 | D:1      | Reached XP level 2. HP: 15/15 MP: 5/8
  1155 | D:2      | Reached skill level 5 in Conjurations
  1155 | D:2      | Reached XP level 3. HP: 19/19 MP: 6/10
  1213 | D:2      | Noticed Sigmund
  1231 | D:2      | Noticed Natasha
  1250 | D:1      | Killed Natasha
  1442 | D:1      | Noticed Natasha
  1448 | D:1      | Killed Natasha
  1449 | D:1      | Reached XP level 4. HP: 24/24 MP: 5/12
  1583 | D:1      | Noticed Natasha
  1693 | D:1      | Killed Natasha
  1694 | D:1      | Reached skill level 5 in Spellcasting
  1785 | D:2      | Found a broken altar of Ashenzari.
  1907 | D:2      | Learned a level 2 spell: Searing Ray
  1911 | D:2      | Learned a level 3 spell: Dazzling Flash
  2151 | D:3      | Reached XP level 5. HP: 24/28 MP: 2/14
  2467 | D:3      | Found a glowing drain.
  2474 | Sewer    | Entered a sewer
  2947 | Sewer    | Reached XP level 6. HP: 26/32 MP: 1/17
  3478 | D:3      | Found a burning altar of Makhleb.
  3795 | D:3      | Reached XP level 7. HP: 14/36 MP: 2/19
  5747 | D:4      | Noticed a human
  5748 | D:4      | Found a runed translucent door.
  5778 | D:4      | Found a sparkling altar of Nemelex Xobeh.
  5937 | D:4      | Found a basalt altar of Yredelemnul.
  6433 | D:4      | Found a stormy altar of Qazlal.
  6692 | D:5      | Entered Level 5 of the Dungeon
  6707 | D:5      | Reached XP level 8. HP: 37/42 MP: 9/23
  6816 | D:5      | Reached skill level 1 in Fighting
  6931 | D:5      | Noticed Ijyb
  6935 | D:5      | Killed Ijyb
  7346 | D:5      | Reached skill level 5 in Dodging
  7540 | D:5      | Noticed Edmund
  7549 | D:5      | Killed Edmund
  7748 | D:2      | Killed Sigmund
  7749 | D:2      | Reached skill level 1 in Shields
  7793 | D:2      | Identified the +0 hand axe of the Median {protect, rC+}
  8518 | D:6      | Reached XP level 9. HP: 44/51 MP: 16/24
  8875 | D:6      | Found a hazy altar of Hepliaklqana.
  9233 | D:7      | Noticed Dowan
  9242 | D:7      | Killed Dowan
  9338 | D:7      | Noticed Maggie
  9342 | D:7      | Learned a level 2 spell: Ensorcelled Hibernation
  9474 | D:7      | Found a staircase to the Ecumenical Temple.
  9479 | Temple   | Entered the Ecumenical Temple
  9487 | Temple   | Became a worshipper of Sif Muna the Loreminder
  9557 | D:7      | Reached skill level 1 in Hexes
  9572 | D:7      | Noticed Duvessa
  9590 | D:7      | Killed Duvessa
  9975 | D:7      | Reached skill level 5 in Fighting
 10157 | D:7      | Reached XP level 10. HP: 59/59 MP: 21/25
 10425 | D:8      | Reached * piety under Sif Muna
 11439 | D:8      | Reached skill level 5 in Hexes
 11697 | D:8      | Learned a level 3 spell: Mephitic Cloud
 11712 | D:8      | Found a staircase to the Lair.
 12129 | D:9      | Found a staircase to the Orcish Mines.
 12163 | D:9      | Reached skill level 5 in Shields
 12226 | Orc:1    | Entered Level 1 of the Orcish Mines
 12228 | Orc:1    | Noticed Harold
 12267 | Lair:1   | Entered Level 1 of the Lair of Beasts
 12417 | Lair:1   | Noticed a catoblepas
 12510 | Lair:1   | Identified the amulet "Yhaschy" {Reflect Will+ Dex+2 SH+5
                  | Stlth+}
 12581 | Lair:1   | Killed a catoblepas
 12582 | Lair:1   | Noticed a cane toad
 12585 | Lair:1   | Reached ** piety under Sif Muna
 12604 | Lair:1   | Killed a cane toad
 12990 | Lair:1   | Reached XP level 11. HP: 64/64 MP: 17/26
 13148 | Lair:1   | Learned a level 4 spell: Fulminant Prism
 13162 | Lair:1   | Reached skill level 1 in Fire Magic
 13163 | Lair:1   | Reached skill level 10 in Hexes
 14011 | Lair:2   | Noticed a ghost crab
 14015 | Lair:2   | Noticed a spectral anaconda
 14062 | Lair:2   | Killed a ghost crab
 14063 | Lair:2   | Reached skill level 5 in Fire Magic
 15322 | Lair:2   | Found a staircase to the Snake Pit.
 15717 | Lair:2   | Found a staircase to the Swamp.
 16068 | Lair:3   | Reached *** piety under Sif Muna
 16310 | Lair:3   | Reached skill level 10 in Fire Magic
 16414 | Lair:3   | Noticed a five-headed hydra
 16436 | Lair:2   | Slain by a five-headed hydra

Illustrated notes

Levels and vault maps discovered:
D:1:      psy_arrival_conway, layout_loops_corners, serial_bayou_pond_a,
          st_stairs_2, corexii_item_surrounded_by_moat
D:2:      layout_rooms, basic_altar, item_on_display_a, uniq_natasha,
          uniq_sigmund
D:3:      lemuel_castle_with_subvaults [lemuel_castle_interior_original],
          layout_basic, demons_altar, lightli_sewer_entry_pipes
D:4:      layout_loops_ring, dk_yredelemnul_ordeal,
          mainiacjoe_overflow_six_doors_small,
          nemelex_xobeh_ov_fountains_minmay, kennysheep_big_empty_room,
          nicolae_elevator_lobby_plus
D:5:      layout_loops_cross, hangedman_decor_diamond_cutter, uniq_ijyb,
          uniq_edmund
D:6:      layout_gridville, mainiacjoe_overflow_alcove_1
D:7:      layout_rooms, temple_doors_e, st_stairs_2, uniq_duvessa, uniq_maggie
D:8:      layout_rooms, erik_lair_island
D:9:      layout_stronghold, elyvilon_altar_1, orc_0_dummy, uniq_erica
Temple:   nicolae_temple_x_marks_the_god
Lair:1:   layout_regular_city, infiniplex_staircase_pool_2, lemuel_fruit_tree
Lair:2:   layout_cave_pods, nicolae_swamp_entry_spooky,
          nicolae_snake_entry_squirm, serial_bayou_lagoon_b
Lair:3:   layout_hall_layers, enter_volcano_2, lemuel_oklob_altar, uniq_amaemon,
          uniq_sonja, uniq_gastronok
Orc:1:    hellmonk_paralyzer, layout_caves, serial_shops, shop, uniq_harold

Skill      XL: |  1  2  3  4  5  6  7  8  9 10 11 |
---------------+----------------------------------+-----
Spellcasting   | 4 5 6 7 9 |  9.0
Conjurations   | 5 6 7 8 9 |  9.0
Fighting       | 3 5 6 |  6.0
Dodging        | 5 8 9 |  9.0
Shields        | 1 4 5 |  5.0
Hexes          | 3 9 10 | 10.0
Fire Magic     | 10 | 10.3
Stealth        | |  2.4

Action                     |  1- 3 |  4- 6 |  7- 9 | 10-12 || total
---------------------------+-------+-------+-------+-------++-------
  Melee: Short sword       |       |     2 |     6 |       ||     8
         Hand axe          |       |       |     8 |     9 ||    17
   Cast: Magic Dart        |    49 |   153 |   265 |   242 ||   709
         Searing Ray       |       |    13 |    56 |    43 ||   112
         Mephitic Cloud    |       |       |       |     7 ||     7
         Fulminant Prism   |       |       |       |    56 ||    56
 Invoke: Channel Magic     |       |       |       |     1 ||     1
    Use: Potion            |       |     1 |       |       ||     1
         Scroll            |       |       |     7 |       ||     7
 Armour: Robe              |       |     8 |    13 |       ||    21
         Steam dragon scal |       |       |    19 |    56 ||    75
  Dodge: Dodged            |     4 |    37 |   122 |   152 ||   315
  Block: Buckler           |       |       |    25 |   102 ||   127
